 Dungeon Crawl Stone Soup version 0.29-a0-577-gafbf2c5d25 (webtiles) character file.

Game seed: 4643168255344899610

56 DocClef the Sneak (level 3, -1/33 HPs)
             Began as a Draconian Delver on June 13, 2022.
             Slain by a hound (2 damage)
             ... on level 5 of the Dungeon.
             The game lasted 00:00:19 (418 turns).

DocClef the Sneak (Draconian Delver)                 Turns: 418, Time: 00:00:20

Health: -1/33      AC:  7    Str: 14    XL:     3   Next: 69%
Magic:  3/3        EV: 12    Int: 10    God:
Gold:   0          SH:  0    Dex: 14    Spells: 2/2 levels left

rFire   . . .      SeeInvis .   a - +0 short sword
rCold   . . .      Faith    .   (no shield)
rNeg    . . .      Spirit   .   (body armour unavailable)
rPois   .          Reflect  .   (helmet restricted)
rElec   .          Harm     .   i - +1 cloak
rCorr   .          Rampage  .   (no gloves)
Will    .....                   (no boots)
Stlth   +++.......              (no amulet)
HPRegen 0.11/turn               (no ring)
MPRegen 0.08/turn               (no ring)

@: no status effects
A: AC +5, unfitting armour, cold-blooded
a: no special abilities


You were on level 5 of the Dungeon.
You visited 1 branch of the dungeon, and saw 1 of its levels.

Inventory:

Hand Weapons
 a - a +0 short sword (weapon)
Armour
 i - a +1 cloak (worn)
Wands
 f - a wand of digging (3)
 h - a wand of charming (5)
Scrolls
 b - 2 scrolls of fog
 c - a scroll of magic mapping
 d - a scroll of fear
 g - a scroll of enchant weapon {unknown}
Potions
 e - a potion of haste


   Skills:
 + Level 3.8 Fighting
 + Level 2.6 Short Blades
 + Level 2.3 Dodging
 + Level 4.9 Stealth


You had 2 spell levels left.
You didn't know any spells.
Your spell library was empty.

Dungeon Overview and Level Annotations

Branches:
Dungeon (5/15)
 Temple: D:4-7

Altars:


Innate Abilities, Weirdness & Mutations

Your plain brown scales are hard. (AC +5)
You cannot fit into any form of body armour.
You are cold-blooded and may be slowed by cold attacks.


Message History

i - a +1 cloak You start putting on your armour.
You continue putting on your +1 cloak. x4
You finish putting on your +1 cloak.
Found an escape hatch in the floor.
You see here a +0 short sword.
A hound comes into view.
A hound is nearby!
A hound is nearby!
No target in view!
No target in view!
No target in view!
A scorpion comes into view.
Found 22 gold pieces.
You barely miss the scorpion. The scorpion barely misses you.
The scorpion attacks as you move away!
The scorpion stings you but does no damage.
The scorpion stings you.
The hound barks!
The hound bites you. The hound attacks as you move away!
The hound bites you. x2
The hound attacks as you move away! The hound bites you. x2
The scorpion barely misses you. The hound attacks as you move away!
The hound closely misses you. The hound bites you.
The scorpion attacks as you move away! The scorpion stings you.
The scorpion attacks as you move away! The scorpion stings you.
* * * LOW HITPOINT WARNING * * *
The hound bites you.
* * * LOW HITPOINT WARNING * * *
The hound attacks as you move away! The hound completely misses you.
The scorpion misses you. The hound attacks as you move away!
The hound closely misses you. The scorpion stings you.
* * * LOW HITPOINT WARNING * * *
The hound bites you but does no damage.
There is an open door here.
The hound attacks as you move away! The hound bites you but does no damage.
The scorpion attacks as you move away! The scorpion barely misses you.
You miss the hound. The hound barely misses you. The hound bites you.
You die...

#......#..#...##....#..
#......#..#.........#.#
#......#..#.........#..
##.....'..#...##....#.#
#.$...#..#...##....#..
#....##..#.........##)
#....##..#.........##.
#.....#..#............
#....@hs.#...##..(.##.
........#..#...##....##.
.########..#.........##.
#..#.........##.
...#............
...#............
....#..........#.
....#..(######...
#...##.....#.


You could see a scorpion and a hound.

Vanquished Creatures
  A scorpion (D:5)
1 creature vanquished.

Notes
Turn   | Place    | Note
-------+----------+-------------------------------------------
     0 | D:5      | DocClef the Draconian Delver began the quest for the Orb.
     0 | D:5      | Reached XP level 1. HP: 19/19 MP: 1/1
   106 | D:5      | Noticed a scorpion
   115 | D:5      | Killed a scorpion
   116 | D:5      | Reached XP level 2. HP: 15/27 MP: 2/2
   116 | D:5      | Reached XP level 3. HP: 19/33 MP: 3/3
   401 | D:5      | Noticed a scorpion
   416 | D:5      | HP: 1/33 [scorpion (5)]
   418 | D:5      | Slain by a hound

Illustrated notes

Levels and vault maps discovered:
D:5:      layout_gridville, serial_glass, glass_columns_a, glass_columns_b

Skill      XL: |  1 |
---------------+----+-----
Dodging        | 2 |  2.3
Fighting       | |  3.8
Short Blades   | |  2.6
Stealth        | |  4.9

Action                   || total
-------------------------++-------
Melee: Short sword       ||     6
 Stab: Sleeping          ||     1
Armor: Skin              ||     3
Dodge: Dodged            ||     9

Table legend: (Time is in decaauts)
 A = Elapsed time spent in this place.
 B = Non-inter-level travel time spent in this place.
 C = Inter-level travel time spent in this place.
 D = Time resting spent in this place.
 E = Time spent auto-exploring this place.
 F = Levels seen in this place.
 G = Mean time per level.
                   A        B        C        D        E       F      G
               +--------+--------+--------+--------+--------+-----+--------+
         Total |    418 |    418 |      0 |      0 |    358 |   1 |  418.0 |
       Dungeon |    418 |    418 |      0 |      0 |    358 |   1 |  418.0 |
               +--------+--------+--------+--------+--------+-----+--------+

Top non-repeatable levels by time:
     D:5: 418 daAuts
